 Dungeon Crawl Stone Soup version 0.18-a0-1299-ge3c6ce7 (webtiles) character file.

3166 Faustar the Fighter (level 9, 0/65 HPs)
             Began as a Gargoyle Fighter on Feb 11, 2016.
             Was a Priest of Okawaru.
             Killed by the air
             ... invoked by Gastronok
              (25 damage)
             ... on level 8 of the Dungeon.
             The game lasted 00:14:55 (6929 turns).

Faustar the Fighter (Gargoyle Fighter)              Turns: 6929, Time: 00:14:55

Health: 0/65       AC: 13    Str: 28    XL:     9   Next: 94%
Magic:  8/9        EV:  7    Int:  9    God:    Okawaru [***...]
Gold:   330        SH: 10    Dex:  9    Spells: 0 memorised, 8 levels left

rFire  + + .     SeeInvis .     H - +6 whip "Kumuit" {slash, rF++}
rCold  . . .     Gourm    +     b - +0 scale mail
rNeg   + . .     Faith    .     c - +0 shield
rPois  ∞         Spirit   .     (no helmet)
rElec  +         Dismiss  .     (no cloak)
rCorr  .         Reflect  .     (no gloves)
SustAt +         Harm     .     h - +0 pair of boots
MR     .....                    m - amulet of the gourmand
Stlth  ..........               B - ring of flight
                                j - ring of sustain attributes

@: mighty, not resistant to hostile enchantments, extremely unstealthy
A: negative energy resistance 1, electricity resistance, unbreathing,
petrification resistance, rot immunity, AC +5
a: Heroism, Renounce Religion, Evoke Flight


You were on level 8 of the Dungeon.
You worshipped Okawaru.
Okawaru was most pleased with you.
You were full.

You visited 2 branches of the dungeon, and saw 9 of its levels.

You collected 396 gold pieces.
You spent 66 gold pieces at shops.

Inventory:

Hand Weapons
 a - a +1 flail
 E - a +3 morningstar
 H - the +6 whip "Kumuit" (weapon) {slash, rF++}
   (You found it on level 7 of the Dungeon)

   It inflicts extra damage upon your enemies.
   It greatly protects you from fire.
Armour
 b - a +0 scale mail (worn)
 c - a +0 shield (worn)
 h - a +0 pair of boots (worn)
Jewellery
 j - a ring of sustain attributes (left hand)
 l - a +2 ring of dexterity {unknown}
 m - an amulet of the gourmand (around neck)
 B - a ring of flight (right hand)
Wands
 r - a wand of polymorph (6/24)
 v - a wand of confusion (6/48)
 C - a wand of digging (15/24)
 D - a wand of random effects (21/48)
Scrolls
 g - 2 scrolls of identify
 k - a scroll of remove curse
 p - 3 scrolls of teleportation
 t - a scroll of vulnerability {unknown}
 w - a scroll of fog
 y - a scroll of recharging
 F - a scroll of magic mapping {unknown}
 G - a scroll of amnesia {unknown}
 J - a scroll of fear
Potions
 d - 2 potions of might
 e - a potion of degeneration
 n - 4 potions of curing {unknown}
 q - 5 potions of heal wounds {unknown}
 s - 2 potions of haste {unknown}
 u - a potion of lignification {unknown}
 x - a potion of cure mutation
 z - a potion of berserk rage
Books
 o - a book of Beasts

   Spells                             Type                      Level
   a - Summon Butterflies             Summoning                    1
   b - Call Canine Familiar           Summoning                    3
   c - Summon Ice Beast               Ice/Summoning                4
   d - Summon Mana Viper              Hexes/Summoning              5
   e - Summon Hydra                   Summoning                    7
Comestibles
 f - 8 bread rations
 i - 4 meat rations
 A - 7 beef jerkies
 I - a slice of pizza


   Skills:
 - Level 11.7 Fighting
 + Level 8.8 Maces & Flails
 - Level 3.2 Armour
 - Level 3.2 Shields


You had 8 spell levels left.
You didn't know any spells.

Dungeon Overview and Level Annotations

Branches:
Dungeon (8/15)             Temple (1/1) D:4
   Lair: D:8-11

Altars:
Ashenzari
Elyvilon
Fedhas
Kikubaaqudgha
Makhleb
Okawaru
Pakellas
Qazlal
Ru
Sif Muna
Trog
Yredelemnul

Shops:
D:4 :   D:7 *

Annotations:
D:8 Gastronok


Innate Abilities, Weirdness & Mutations

You are resistant to torment.
Your stone body is resilient (AC +5).
You are immune to poison.
You resist negative energy.
You are resistant to electric shocks.
You can survive without breathing.
You are immune to petrification.
You are immune to rotting.


Message History

You thrash Gastronok!!
Gastronok is moderately wounded.
You feel like a meek peon again.
You thrash Gastronok!!
Gastronok is heavily wounded.
Gastronok bites you!
You whack Gastronok!
Gastronok is severely wounded.
Your shield and scale mail prevent you from hitting Gastronok.
Gastronok is severely wounded.
You hit Gastronok.
Gastronok is severely wounded.
Gastronok completely misses you.
You whack Gastronok!
Gastronok is severely wounded.
You hit Gastronok.
Gastronok is almost dead.
Gastronok waves his eye-stalks in wide circles.
The air twists around and strikes you!
You die...

+.........'(....
#.........#####+
#............... #+#+###
#............... .......
#............... .......
#............... .......
#.##.##.........
.......##)##.......8....
.......@.)##.##........#
#...#.w#####.##........#
# #.... #.##........
#.... #.# .....#. #...#
#.# # #... #.. #.?. #...


You could see Gastronok.

Vanquished Creatures
  The ghost of acidapple the Whirler, a novice HaHu of Trog (D:7)
  The ghost of acidapple the Slinger, an amateur HaHu (D:4)
  Menkaure (D:5)
  An orc warrior (D:8)
  An ice beast (D:6)
  A sky beast (D:7)
  2 black bears
  2 ogres
  A necrophage (D:7)
  A big kobold (D:7)
  5 giant frogs
  A scorpion (D:6)
  4 wights (D:7)
  2 crimson imps
  A quasit (D:6)
  A centaur zombie (D:6)
  A giant frog skeleton (D:5)
  5 orc priests
  A centaur skeleton (D:4)
  A hound (D:5)
  4 iguanas
  4 orc wizards
  7 worker ants
  A killer bee zombie (D:5)
  A hound skeleton (D:7)
  6 adders
  2 shadow imps
  An ufetubus (D:8)
  An ooze (D:4)
  An adder zombie (D:5)
  An adder skeleton (D:8)
  4 worms
  6 giant geckos
  21 orcs
  4 ball pythons
  5 giant cockroaches
  6 goblins
  8 hobgoblins
  10 jackals
  12 kobolds
  3 quokkas
  A ball python skeleton (D:4)
  A ball python zombie (D:5)
  6 bats
  A giant gecko skeleton (D:4)
  7 giant newts
  A jackal zombie (D:6)
  A quokka skeleton (D:4)
  A quokka zombie (D:7)
  7 rats
168 creatures vanquished.

Notes
Turn   | Place    | Note
--------------------------------------------------------------
     0 | D:1      | Faustar the Gargoyle Fighter began the quest for the Orb.
     0 | D:1      | Reached XP level 1. HP: 14/14 MP: 1/1
   148 | D:1      | Reached XP level 2. HP: 16/19 MP: 2/2
   517 | D:1      | Reached XP level 3. HP: 21/23 MP: 3/3
   656 | D:1      | Found a shattered altar of Ashenzari.
   896 | D:2      | Found a blossoming altar of Fedhas.
   905 | D:2      | Reached skill level 4 in Maces & Flails
  1013 | D:2      | Reached XP level 4. HP: 28/28 MP: 4/4
  1396 | D:3      | Reached skill level 5 in Maces & Flails
  1396 | D:3      | Reached XP level 5. HP: 10/32 MP: 5/5
  2476 | D:4      | Noticed acidapple's ghost (amateur HaHu)
  2486 | D:3      | Reached skill level 6 in Maces & Flails
  2486 | D:3      | Reached XP level 6. HP: 26/37 MP: 6/6
  2537 | D:4      | Found a staircase to the Ecumenical Temple.
  2547 | Temple   | Entered the Ecumenical Temple
  2673 | Temple   | Became a worshipper of Warmaster Okawaru
  2869 | D:4      | Found Nuleih's Book Shoppe.
  2910 | D:4      | Found a bloodstained altar of Trog.
  3027 | D:4      | Killed acidapple's ghost
  3027 | D:4      | Reached skill level 7 in Maces & Flails
  3027 | D:4      | Reached XP level 7. HP: 25/41 MP: 7/7
  3464 | D:5      | Entered Level 5 of the Dungeon
  3488 | D:5      | Reached skill level 8 in Maces & Flails
  3947 | D:5      | Reached * piety under Okawaru
  4114 | D:5      | Noticed Menkaure
  4132 | D:5      | Killed Menkaure
  4132 | D:5      | Reached skill level 5 in Fighting
  4132 | D:5      | Reached XP level 8. HP: 28/49 MP: 8/8
  5507 | D:6      | Found a basalt altar of Yredelemnul.
  5780 | D:7      | Reached ** piety under Okawaru
  5840 | D:7      | Found Kuqo's Assorted Antiques.
  5848 | D:7      | Bought a scroll labeled ANGAOTHRICH for 22 gold pieces
  5848 | D:7      | Bought a scroll labeled BYPUHYNAEJ for 22 gold pieces
  5848 | D:7      | Bought a scroll labeled LOEZXI AQEGIHI for 22 gold pieces
  5861 | D:7      | Reached skill level 9 in Fighting
  5891 | D:7      | Reached XP level 9. HP: 60/60 MP: 9/9
  6058 | D:7      | Found a burning altar of Makhleb.
  6066 | D:7      | Reached skill level 10 in Fighting
  6561 | D:7      | Noticed acidapple's ghost (novice HaHu)
  6581 | D:7      | Killed acidapple's ghost
  6581 | D:7      | Reached *** piety under Okawaru
  6581 | D:7      | Reached skill level 11 in Fighting
  6599 | D:7      | Got a steaming whip
  6600 | D:7      | Identified the +6 whip "Kumuit" {slash, rF++} (You found it on level 7 of the Dungeon)
  6905 | D:8      | Noticed Gastronok
  6929 | D:8      | Killed from afar by Gastronok

Vault maps used:
D:1:      dpeg_arrival_central, ashenzari_altar_1
D:2:      fedhas_altar_1
D:4:      kennysheep_little_box, temple_fountains, serial_shops, shop_statue,
          minmay_joined_circles
D:5:      first_bread, uniq_menkaure
D:6:      kennysheep_mini, corexii_checkpoint_a
D:7:      makhleb_blood_cavern_becter, serial_shops, shop, grunt_ogre_cave
D:8:      grunt_temple_overflow_order_and_chaos_1, lair_0_dummy, serial_ice,
          serial_ice_h, serial_ice_m, serial_ice_d, serial_ice_f, basic_altar,
          minivault_11, kennysheep_generic_room_14, uniq_gastronok
Temple:   nicolae_temple_figure_zero

Action                   |  1- 3 |  4- 6 |  7- 9 || total
-------------------------+-------+-------+-------++-------
Melee: Flail             |   138 |   263 |   365 ||   766
       Whip              |       |       |    64 ||    64
       Morningstar       |       |       |    31 ||    31
Invok: Heroism           |       |       |     2 ||     2
  Use: Potion            |       |     3 |     1 ||     4
       Scroll            |       |       |    11 ||    11
  Eat: Chunk             |     1 |     6 |    28 ||    35
